 Dungeon Crawl Stone Soup version 0.28.0-45-g0d030f2227 (webtiles) character file.

Game seed: 17145511436911568154

212 DearestLeader the Shield-Bearer (level 5, -3/35 (47) HPs)
             Began as a Gnoll Fighter on Apr 1, 2022.
             Slain by a kobold brigand
             ... wielding a +0 dagger of draining
              (4 damage)
             ... on level 4 of the Dungeon.
             The game lasted 00:03:19 (2638 turns).

DearestLeader the Shield-Bearer (Gnoll Fighter)     Turns: 2638, Time: 00:03:19

HP:   -3/35 (47)    AC:  7    Str: 18    XL:     5   Next: 89%
MP:   7/7           EV:  9    Int:  7    God:
Gold: 170           SH:  5    Dex:  9    Spells: 7/7 levels left

rFire   . . .      SeeInvis .   q - +2 flail (holy)
rCold   . . .      Faith    .   c - +0 buckler
rNeg    + . .      Spirit   .   b - +0 scale mail
rPois   +          Reflect  .   (no helmet)
rElec   .          Harm     .   (no cloak)
rCorr   .          Rampage  .   (no gloves)
Will    +....                   (no boots)
Stlth   ..........              (no amulet)
HPRegen 0.11/turn               f - ring of positive energy
MPRegen 0.10/turn               k - ring of willpower

@: mighty, very heavily drained
A: fangs 1, strong nose, distributed training, clumsy 1, poison resistance
a: no special abilities


You were on level 4 of the Dungeon.
You visited 1 branch of the dungeon, and saw 4 of its levels.

You collected 170 gold pieces.

Inventory:

Hand Weapons
 a - a +0 war axe
 n - a +0 hunting sling
 q - a +2 flail of holy wrath (weapon)
Missiles
 g - 5 poisoned darts (quivered)
 l - 56 sling bullets
Armour
 b - a +0 scale mail (worn)
 c - a +0 buckler (worn)
Jewellery
 f - a ring of positive energy (left hand)
 k - a ring of willpower (right hand)
 o - an amulet of faith
Wands
 r - a wand of iceblast (10)
 s - a wand of flame (13)
Scrolls
 e - 2 scrolls of blinking {unknown}
 h - 2 scrolls of identify {unknown}
 i - 2 scrolls of magic mapping {unknown}
 m - a scroll of silence {unknown}
Potions
 d - a potion of might
 j - 2 potions of mutation
 p - a potion of attraction {unknown}
 t - a potion of heal wounds {unknown}


   Skills:
 + Level 6.7 Fighting
 + Level 1.6 Short Blades
 + Level 1.6 Long Blades
 + Level 4.8 Axes
 + Level 1.6 Maces & Flails
 + Level 1.6 Polearms
 + Level 1.6 Staves
 + Level 1.6 Slings
 + Level 1.6 Bows
 + Level 1.6 Crossbows
 + Level 1.6 Throwing
 + Level 6.7 Armour
 + Level 1.6 Dodging
 + Level 1.6 Stealth
 + Level 6.7 Shields
 + Level 1.6 Unarmed Combat
 + Level 1.6 Spellcasting
 + Level 1.3 Conjurations
 + Level 1.3 Hexes
 + Level 1.3 Summonings
 + Level 1.3 Necromancy
 + Level 1.3 Translocations
 + Level 1.3 Transmutations
 + Level 1.3 Fire Magic
 + Level 1.3 Ice Magic
 + Level 1.3 Air Magic
 + Level 1.3 Earth Magic
 + Level 1.3 Poison Magic
 + Level 1.9 Invocations
 + Level 1.6 Evocations


You had 7 spell levels left.
You didn't know any spells.
Your spell library contained the following spells:

 Spells                   Type           Power      Damage    Failure   Level
 Beastly Appendage        Tmut           4%         N/A       63%         1
 Sublimation of Blood     Necr           2%         N/A       77%         2
 Wereblood                Tmut           2%         N/A       77%         2
 Spider Form              Tmut/Pois      2%         N/A       94%         3
 Summon Forest            Summ/Tloc      1%         N/A       100%        5
 Eringya's Noxious Bog    Tmut/Pois      1%         N/A       100%        6
 Summon Hydra             Summ           1%         N/A       100%        7


Dungeon Overview and Level Annotations

Branches:
Dungeon (4/15)
 Temple: D:4-7

Altars:
Fedhas


Innate Abilities, Weirdness & Mutations

You have very sharp teeth.
Your uncanny sense of smell can sniff out nearby items.
Your experience applies equally to all skills.
You are clumsy. (Dex -2)
Your system is resistant to poisons. (rPois)


Message History

The kobold brigand hits you with a +0 dagger of draining.
You partially resist.
You feel drained.
The kobold brigand hits you but does no damage.
You partially resist.
You barely miss the kobold brigand.
The kobold brigand is lightly wounded.
The kobold brigand hits you with a +0 dagger of draining.
You partially resist.
You feel drained.
The kobold brigand hits you with a +0 dagger of draining.
* * * LOW HITPOINT WARNING * * *
You partially resist.
You feel drained.
You feel very mighty all of a sudden.
The kobold brigand hits you with a +0 dagger of draining.
* * * LOW HITPOINT WARNING * * *
You partially resist.
You feel drained.
The kobold brigand hits you with a +0 dagger of draining.
* * * LOW HITPOINT WARNING * * *
You partially resist.
You feel drained.
You sock the kobold brigand!
The kobold brigand is heavily wounded.
The kobold brigand hits you with a +0 dagger of draining.
* * * LOW HITPOINT WARNING * * *
You partially resist.
You feel drained.
The kobold brigand hits you with a +0 dagger of draining.
* * * LOW HITPOINT WARNING * * *
You partially resist.
You feel drained.
It was a potion of mutation.
You feel extremely strange.
You feel clumsy.
You feel resistant to poisons. You block the kobold brigand's attack.
You sock the kobold brigand!
The kobold brigand is severely wounded.
You feel yourself speed up. You block the kobold brigand's attack.
The kobold brigand hits you with a +0 dagger of draining.
* * * LOW HITPOINT WARNING * * *
You partially resist.
You feel drained.
You completely miss the kobold brigand. You bite the kobold brigand.
The kobold brigand is almost dead.
The kobold brigand hits you with a +0 dagger of draining.
You die...

#........#.##..###.##.#
#........#......##.##.#
########........##.##.#
#######..##.##.#
..#.###..##.##.#
#.#......##.# #
#.#...##.##.##.#
#K###.##.#.)...# #@#
#.......####
##+#.######....#
####....##........#
........##.###.#..###
####............<>...#
#######...#.#.###.#
#.........#.#.#. ∆#
#.######........
#......##.###.


You could see a kobold brigand.

Vanquished Creatures
  A hound (D:4)
  A bullfrog skeleton (D:4)
  An iguana (D:4)
  5 adders
  A dart slug (D:2)
  3 orcs (D:4)
  8 ball pythons
  3 bats
  4 endoplasms
  4 giant cockroaches
  6 goblins
  5 hobgoblins (D:1)
  10 jackals
  4 quokkas
  5 frilled lizards
  10 kobolds
  2 rats (D:1)
73 creatures vanquished.

Notes
Turn   | Place    | Note
-------+----------+-------------------------------------------
     0 | D:1      | DearestLeader the Gnoll Fighter began the quest for the
                  | Orb.
     0 | D:1      | Reached XP level 1. HP: 23/23 MP: 1/1
    32 | D:1      | Found a faded altar of an unknown god.
    40 | D:1      | Reached XP level 2. HP: 22/29 MP: 2/2
   305 | D:1      | You fall into a shaft and drop 1 floor!
   403 | D:2      | Reached XP level 3. HP: 22/35 MP: 2/4
   548 | D:2      | Reached skill level 1 in Invocations
   633 | D:1      | Reached skill level 1 in Short Blades
   633 | D:1      | Reached skill level 1 in Long Blades
   633 | D:1      | Reached skill level 1 in Maces & Flails
   633 | D:1      | Reached skill level 1 in Polearms
   633 | D:1      | Reached skill level 1 in Staves
   633 | D:1      | Reached skill level 1 in Slings
   633 | D:1      | Reached skill level 1 in Bows
   633 | D:1      | Reached skill level 1 in Crossbows
   633 | D:1      | Reached skill level 1 in Throwing
   633 | D:1      | Reached skill level 1 in Dodging
   633 | D:1      | Reached skill level 1 in Stealth
   633 | D:1      | Reached skill level 1 in Unarmed Combat
   633 | D:1      | Reached skill level 1 in Spellcasting
   633 | D:1      | Reached skill level 1 in Evocations
   781 | D:1      | Reached XP level 4. HP: 41/41 MP: 5/5
  1195 | D:2      | Found a blossoming altar of Fedhas.
  1734 | D:3      | Reached skill level 1 in Conjurations
  1734 | D:3      | Reached skill level 1 in Hexes
  1734 | D:3      | Reached skill level 1 in Summonings
  1734 | D:3      | Reached skill level 1 in Necromancy
  1734 | D:3      | Reached skill level 1 in Translocations
  1734 | D:3      | Reached skill level 1 in Transmutations
  1734 | D:3      | Reached skill level 1 in Fire Magic
  1734 | D:3      | Reached skill level 1 in Ice Magic
  1734 | D:3      | Reached skill level 1 in Air Magic
  1734 | D:3      | Reached skill level 1 in Earth Magic
  1734 | D:3      | Reached skill level 1 in Poison Magic
  2158 | D:3      | Reached XP level 5. HP: 47/47 MP: 6/6
  2625 | D:4      | Noticed a kobold brigand
  2636 | D:4      | Gained mutation: You are clumsy. (Dex -2) [potion of
                  | mutation]
  2636 | D:4      | Gained mutation: Your system is resistant to poisons.
                  | (rPois) [potion of mutation]
  2637 | D:4      | HP: 1/36 [kobold brigand/+0 dagger of draining (4)]
  2638 | D:4      | Slain by a kobold brigand

Illustrated notes

Levels and vault maps discovered:
D:1:      dpeg_arrival_rooms_c, layout_basic, nicolae_ecumenical_snake_handling,
          nrook_uturn, grunt_decor_one_mirror, minmay_close_crescents
D:2:      layout_loops_ring, basic_altar
D:3:      layout_basic, serial_corexii_hall, chequers_hall_statues_wall_a,
          chequers_hall_statues_wall_a
D:4:      layout_basic, serial_shops, nicolae_shop_trees

Skill      XL: |  1  2  3  4 |
---------------+-------------+-----
Invocations    | 1 |  1.9
Short Blades   | 1 |  1.6
Long Blades    | 1 |  1.6
Maces & Flails | 1 |  1.6
Polearms       | 1 |  1.6
Staves         | 1 |  1.6
Slings         | 1 |  1.6
Bows           | 1 |  1.6
Crossbows      | 1 |  1.6
Throwing       | 1 |  1.6
Dodging        | 1 |  1.6
Stealth        | 1 |  1.6
Unarmed Combat | 1 |  1.6
Spellcasting   | 1 |  1.6
Evocations     | 1 |  1.6
Conjurations   | 1 |  1.3
Hexes          | 1 |  1.3
Summonings     | 1 |  1.3
Necromancy     | 1 |  1.3
Translocations | 1 |  1.3
Transmutations | 1 |  1.3
Fire Magic     | 1 |  1.3
Ice Magic      | 1 |  1.3
Air Magic      | 1 |  1.3
Earth Magic    | 1 |  1.3
Poison Magic   | 1 |  1.3
Fighting       | |  6.7
Axes           | |  4.8
Armour         | |  6.7
Shields        | |  6.7

Action                   |  1- 3 |  4- 6 || total
-------------------------+-------+-------++-------
Melee: War axe           |    82 |    96 ||   178
       Bite              |     6 |     9 ||    15
       Flail             |       |    17 ||    17
  Use: Potion            |       |     2 ||     2
Armor: Scale mail        |    39 |    37 ||    76
Dodge: Dodged            |    29 |    58 ||    87
Block: Buckler           |    22 |    28 ||    50
